 Dungeon Crawl Stone Soup version 0.31-a0-963-ga325b2283a (webtiles) character file.

Game seed: 8333124582805738467

28514 Gladio the Spear-Bearer (level 13, -1/106 HPs)
             Began as a Formicid Fighter on Oct 25, 2023.
             Was an Initiate of Yredelemnul.
             Slain by a 13-headed hydra (12 damage)
             ... on level 4 of the Lair of Beasts.
             The game lasted 00:30:40 (15271 turns).

Gladio the Spear-Bearer (Formicid Fighter)         Turns: 15271, Time: 00:30:41

Health: -1/106     AC: 24    Str: 25    XL:     13   Next: 74%
Magic:  18/18      EV: 11    Int:  9    God:    Yredelemnul [......]
Gold:   841        SH: 10    Dex: 19    Spells: 12/12 levels left

rFire   . . .        M - +0 halberd (spect)
rCold   . . .        R - +2 buckler
rNeg    . . .        c - +0 plate armour
rPois   .            (helmet unavailable)
rElec   .            f - +1 cloak of Starlight {*Dazzle EV+4 Stlth--}
rCorr   .            G - +2 pair of gloves {hurl}
SInv    +            b - +2 pair of boots
Will    ++...        (no amulet) Stlth
                     m - +6 ring of dexterity
HPRegen 0.37/turn    w - ring of willpower
MPRegen 0.16/turn

%: no passive effects
@: no status effects
A: permanent stasis, dig shafts and tunnels, antennae 3, four strong arms
a: Dig, Shaft Self, Renounce Religion, Recall Undead Harvest


You were on level 4 of the Lair of Beasts.
You worshipped Yredelemnul.
Yredelemnul was noncommittal.
You visited 3 branches of the dungeon, and saw 15 of its levels.

You collected 841 gold pieces.

Inventory:

Hand Weapons
 M - a +0 spectral halberd (weapon)
Missiles
 n - 6 javelins
 y - 72 poisoned darts
 N - a throwing net
Armour
 b - a +2 pair of boots (worn)
 c - a +0 plate armour (worn)
 f - the +1 cloak of Starlight (worn) {*Dazzle EV+4 Stlth--}
   (You found it on level 10 of the Dungeon)

   *Dazzle:   It may blind those who miss an attack against the wearer in melee
   combat.
   EV+4:      It affects your evasion (+4).
   Stlth--:   It makes you much less stealthy.
 i - a +0 pair of boots
 o - a +0 cloak
 G - a +2 pair of gloves of hurling (worn)
 Q - a +1 chain mail of cold resistance
 R - a +2 buckler (worn)
Jewellery
 d - a +4 ring of protection
 m - a +6 ring of dexterity (left hand)
 v - a ring of fire
 w - a ring of willpower (right hand)
 E - a ring of protection from cold
Wands
 r - a wand of mindburst (11)
 H - a wand of charming (15)
 L - a wand of flame (13) (quivered)
 O - a wand of digging (9)
Scrolls
 a - a scroll of identify
 k - 3 scrolls of immolation
 l - 4 scrolls of teleportation
 s - a scroll of noise {unknown}
 t - a scroll of blinking
 B - 2 scrolls of poison
 C - 2 scrolls of fog
 D - a scroll of vulnerability {unknown}
 I - a scroll of amnesia {unknown}
 J - a scroll of revelation {unknown}
 P - a scroll of fear {unknown}
Potions
 e - 5 potions of curing
 g - a potion of heal wounds {unknown}
 j - 3 potions of berserk rage {unknown}
 p - 2 potions of enlightenment
 q - 2 potions of degeneration
 u - 4 potions of resistance
 z - a potion of mutation
 A - 3 potions of lignification
 F - 3 potions of cancellation
 K - a potion of ambrosia {unknown}
 S - a potion of haste
Miscellaneous
 x - a phantom mirror (inert)


   Skills:
 + Level 11.2 Fighting
 * Level 13.7 Polearms
 + Level 11.2 Armour
 + Level 13.0 Shields
 + Level 7.8 Invocations


You had 12 spell levels left.
You didn't know any spells.
Your spell library contained the following spells:

 Spells                   Type           Power      Damage    Failure   Level
 Shock                    Conj/Air       0%         1d3       99%         1
 Sting                    Tmut/Pois      0%         1d3       99%         1
 Static Discharge         Conj/Air       0%         3-3/arc   100%        2
 Mephitic Cloud           Conj/Pois/Air  0%         N/A       100%        3
 Ozocubu's Armour         Ice            0%         N/A       100%        3
 Airstrike                Air            0%         2d(0-16)  100%        4
 Anguish                  Hex/Necr       0%         N/A       100%        4
 Cause Fear               Hex            0%         N/A       100%        4
 Summon Lightning Spire   Summ/Air       0%         N/A       100%        4
 Metabolic Englaciation   Hex/Ice        0%         N/A       100%        5
 Enfeeble                 Hex            0%         N/A       100%        7
 Haunt                    Necr/Summ      0%         N/A       100%        7
 Infestation              Necr           0%         N/A       100%        8
 Chain Lightning          Conj/Air       0%         N/A       100%        9
 Fire Storm               Conj/Fire      0%         5d1       100%        9
 Shatter                  Erth           0%         3d5*      100%        9
 Swiftness                Air            Unusable   N/A       N/A         3
 Animate Dead             Necr           Unusable   N/A       N/A         4
 Simulacrum               Ice/Necr       Unusable   N/A       N/A         6

Dungeon Overview and Level Annotations

Branches:
Dungeon (10/15)            Temple (1/1) D:7            Lair (4/5) D:8
  Swamp (0/4) Lair:3        Snake (0/4) Lair:2          Orc (0/2) D:10
  Slime: Lair:4-5

Altars:
Ashenzari
Cheibriados
Dithmenos
Elyvilon
Fedhas
Gozag
Hepliaklqana
Kikubaaqudgha
Makhleb
Nemelex Xobeh
Okawaru
Qazlal
Ru
Sif Muna
Trog
Uskayaw
Vehumet
Wu Jian
Xom
Yredelemnul
Zin
The Shining One

Annotations:
Lair:3 1 runed translucent door, Minoc's ghost, journeyman FoGl


Innate Abilities, Weirdness & Mutations

You cannot be hasted, slowed, berserked, paralysed or teleported.
You can dig through walls and to a lower floor.
You have a pair of large antennae on your head. (SInv)
Your four strong arms can wield two-handed weapons with a shield.


Message History

Press: ? - help, Q - select action, (/) - cycle Shift-Dir - straight line, f - 13-headed hydra
Aim: a 13-headed hydra (moderately wounded, chance to affect: 17%)
The 13-headed hydra resists with almost no effort.
Your +0 spectral halberd disappears.
The 13-headed hydra bites you.
The 13-headed hydra bites you but does no damage. x3
The 13-headed hydra bites you. You block the 13-headed hydra's attack.
The 13-headed hydra bites you but does no damage.
You block the 13-headed hydra's attack. x2
The 13-headed hydra barely misses you. x2
You block the 13-headed hydra's attack. x2; The blink frog blinks!
It was a potion of haste.
Your stasis prevents you from being hasted.
The 13-headed hydra bites you but does no damage.
The 13-headed hydra closely misses you.
The 13-headed hydra bites you but does no damage. x3
You block the 13-headed hydra's attack. The 13-headed hydra bites you. x2
* * * LOW HITPOINT WARNING * * *
The 13-headed hydra barely misses you.
The 13-headed hydra bites you but does no damage.
The 13-headed hydra bites you.
* * * LOW HITPOINT WARNING * * *
The 13-headed hydra bites you but does no damage.
The 13-headed hydra bites you.
* * * LOW HITPOINT WARNING * * *
The blink frog blinks!
Okay, then.
As you read the scroll labelled ODAOLY OMEPLANN, it crumbles to dust.
It is a scroll of enchant armour.
Your +1 pair of boots glows green for a moment.
The 13-headed hydra bites you!
* * * LOW HITPOINT WARNING * * *
The 13-headed hydra misses you. The 13-headed hydra closely misses you.
The 13-headed hydra misses you.
The 13-headed hydra bites you but does no damage.
You block the 13-headed hydra's attack. x2; The 13-headed hydra bites you.
* * * LOW HITPOINT WARNING * * *
The 13-headed hydra bites you!
You die...
Your body rises from the dead as a mindless zombie.

##....## . #......##
..##..<..#.# ##
#........#### ..
#..#.....### .,###
##
####....######.#....
##........#......
#.##.#..FZF...... ##
####P#@.......
###.D......
##F...... ,.......
....... ,.......
....... ...F..#


You could see a 13-headed hydra, 4 blink frogs and a friendly water moccasin
zombie.

Vanquished Creatures
  A hydra (Lair:3)
  A ghost crab (Lair:3)
  An ogre mage (D:10)
  A two-headed ogre (D:10)
  A boulder beetle (D:10)
  A skyshark (Lair:2)
  2 spectral hydras (Lair:3)
  Pikel (D:4)
  A deep elf pyromancer (D:10)
  5 cane toads
  A yaktaur (D:10)
  A rime drake (Lair:2)
  3 komodo dragons
  2 trolls (D:10)
  A polar bear (Lair:2)
  Prince Ribbit (D:5)
  17 blink frogs
  A spectral black mamba (Lair:3)
  A shadow (D:10)
  17 yaks
  2 vampires
  2 wraiths
  4 wyverns
  2 basilisks
  A steam dragon (D:8)
  Menkaure (D:6)
  7 water moccasins
  4 orc warriors
  2 ice beasts
  4 black bears
  4 ogres
  4 centaurs
  A phantom (D:5)
  6 kobold brigands
  4 bullfrogs
  3 scorpions (D:5)
  15 wights
  6 killer bees (D:8)
  4 howler monkeys
  4 hounds
  2 gnoll boudas
  4 jellies
  7 orc priests
  2 sleepcaps
  2 iguanas
  5 orc wizards
  6 adders
  8 gnolls
  3 worms (D:2)
  A dart slug (D:1)
  22 orcs
  6 ball pythons
  4 endoplasms (D:1)
  5 giant cockroaches
  5 goblins
  9 hobgoblins
  6 jackals
  41 kobolds
  5 quokkas
  7 bats
  4 frilled lizards
  7 rats
301 creatures vanquished.

Vanquished Creatures (collateral kills)
  A fire dragon (D:10)
  A hydra (Lair:3)
  A deep elf pyromancer (D:10)
  2 oklob plants (Lair:3)
  A cyclops (D:10)
  Jeremiah (Lair:1)
  A rime drake (Lair:3)
  A tengu conjurer (D:10)
  6 blink frogs
  A hornet (D:10)
  7 yaks
  A wyvern (Lair:2)
  4 water moccasins
  An orc warrior (D:10)
  A kobold brigand (D:10)
  2 bullfrogs
  A howler monkey (D:10)
  An orc priest (D:10)
  2 orcs
  3 kobolds (D:9)
39 creatures vanquished.

Vanquished Creatures (others)
  3 blink frog zombies (Lair:3)
  A rime drake zombie (Lair:3)
  A komodo dragon zombie (Lair:3)
  A wyvern zombie (D:8)
  2 water moccasin zombies
  8 yak zombies
  A black bear zombie (D:8)
  A howler monkey zombie (D:10)
  A steam dragon zombie (D:8)
  3 gnoll zombies (D:9)
  4 orc zombies (D:10)
  5 kobold zombies (D:9)
  6 spectral weapons
37 creatures vanquished.

Grand Total: 377 creatures vanquished

Notes
Turn   | Place    | Note
-------+----------+-------------------------------------------
     0 | D:1      | Gladio the Formicid Fighter began the quest for the Orb.
     0 | D:1      | Reached XP level 1. HP: 18/18 MP: 1/1
    61 | D:1      | Reached XP level 2. HP: 22/24 MP: 2/2
   318 | D:1      | Reached XP level 3. HP: 28/29 MP: 3/3
   981 | D:2      | Reached XP level 4. HP: 37/37 MP: 4/4
  1725 | D:3      | Found a hide-covered altar of Uskayaw.
  2002 | D:3      | Reached XP level 5. HP: 40/42 MP: 5/5
  2244 | D:3      | Reached skill level 5 in Shields
  2293 | D:3      | Found a faded altar of an unknown god.
  2819 | D:4      | Noticed an ogre
  2957 | D:4      | Killed an ogre
  2958 | D:4      | Reached XP level 6. HP: 36/49 MP: 6/6
  3004 | D:4      | Noticed Pikel
  3036 | D:4      | Killed Pikel
  3037 | D:4      | Reached skill level 5 in Fighting
  3037 | D:4      | Reached skill level 5 in Polearms
  3037 | D:4      | Reached skill level 5 in Armour
  3037 | D:4      | Reached XP level 7. HP: 19/56 MP: 7/7
  3037 | D:4      | Reached XP level 8. HP: 22/62 MP: 8/8
  3320 | D:4      | Found a white marble altar of Elyvilon.
  3679 | D:5      | Entered Level 5 of the Dungeon
  4313 | D:5      | Noticed Prince Ribbit
  4325 | D:5      | Killed Prince Ribbit
  4326 | D:5      | Reached XP level 9. HP: 54/69 MP: 9/9
  4939 | D:6      | Noticed Menkaure
  4948 | D:6      | Killed Menkaure
  5749 | D:7      | Reached XP level 10. HP: 70/79 MP: 10/10
  6087 | D:7      | Found a staircase to the Ecumenical Temple.
  6130 | Temple   | Entered the Ecumenical Temple
  6152 | Temple   | Became a worshipper of Yredelemnul the Dark
  6662 | D:8      | Found a hazy altar of Hepliaklqana.
  6691 | D:8      | Reached * piety under Yredelemnul
  7499 | D:8      | Found a bloodstained altar of Trog.
  7650 | D:8      | Found a staircase to the Lair.
  7936 | D:8      | Reached skill level 10 in Polearms
  7938 | D:8      | Reached skill level 10 in Shields
  7938 | D:8      | Reached XP level 11. HP: 49/87 MP: 11/11
  8430 | D:9      | Reached skill level 1 in Invocations
  8973 | D:9      | Found a shadowy altar of Dithmenos.
  9028 | D:9      | Reached ** piety under Yredelemnul
  9336 | D:10     | Identified the "Azas"
  9336 | D:10     | Entered Level 10 of the Dungeon
  9468 | D:10     | Reached *** piety under Yredelemnul
  9697 | D:10     | Reached **** piety under Yredelemnul
  9891 | D:10     | Reached ***** piety under Yredelemnul
 10046 | D:10     | Noticed a two-headed ogre
 10063 | D:10     | Killed a two-headed ogre
 10111 | D:10     | Noticed a deep elf pyromancer
 10166 | D:10     | Killed a deep elf pyromancer
 10570 | D:10     | Noticed an ogre mage
 10580 | D:10     | Killed an ogre mage
 10581 | D:10     | Reached XP level 12. HP: 12/96 MP: 15/15
 10974 | D:10     | Found a staircase to the Orcish Mines.
 11181 | D:10     | Noticed a fire dragon
 11191 | D:10     | Killed a fire dragon
 11382 | D:10     | Reached skill level 5 in Invocations
 11413 | D:10     | Found the +1 cloak of Starlight {*Dazzle EV+4 Stlth--}
 11556 | D:10     | Noticed a boulder beetle
 11570 | D:10     | Killed a boulder beetle
 11757 | D:10     | Found a glowing golden altar of the Shining One.
 11867 | Gauntlet | Identified the of Rootel
 11867 | Lair:1   | Entered Level 1 of the Lair of Beasts
 11963 | Lair:1   | Reached skill level 10 in Fighting
 11963 | Lair:1   | Reached skill level 10 in Armour
 12715 | Lair:1   | Noticed Jeremiah
 12726 | Lair:1   | Killed Jeremiah
 13132 | Lair:2   | Noticed a skyshark
 13147 | Lair:2   | Killed a skyshark
 13417 | Lair:2   | Found a staircase to the Snake Pit.
 13461 | Lair:2   | Reached XP level 13. HP: 104/104 MP: 17/17
 13485 | Lair:2   | Reached ****** piety under Yredelemnul
 13760 | Lair:3   | Noticed a seven-headed hydra
 13768 | Lair:3   | Killed a nine-headed hydra
 13869 | Lair:3   | Found a runed translucent door.
 14201 | Lair:3   | Found a blossoming altar of Fedhas.
 14285 | Lair:3   | Noticed a seven-headed hydra
 14297 | Lair:3   | Killed an 18-headed hydra
 14775 | Lair:3   | Found a staircase to the Swamp.
 14775 | Lair:3   | Noticed a ghost crab
 15103 | Lair:3   | Killed a ghost crab
 15162 | Lair:3   | Noticed Minoc's ghost (journeyman FoGl)
 15246 | Lair:4   | Identified the of Gaajiat
 15261 | Lair:4   | Noticed a five-headed hydra
 15271 | Lair:4   | Slain by a 13-headed hydra

Illustrated notes

Levels and vault maps discovered:
D:1:      dpeg_arrival_subterranean_lakeside_camping, layout_basic,
          serial_park_tiny_pond
D:2:      layout_loops_corners
D:3:      layout_basic, mainiacjoe_overflow_boulevard,
          shapermc_ecumenical_altar_mp_ritualfount
D:4:      layout_cave_pools, mainiacjoe_overflow_alcove_4,
          minmay_goblin_kobold_house, uniq_pikel
D:5:      cheibrodos_thug_alley, layout_basic, serial_bayou_ford_a,
          kennysheep_another_room, serial_park_tiny_1, uniq_prince_ribbit1
D:6:      layout_loops_cross, uniq_menkaure
D:7:      layout_loops_ring, minmay_temple_entry_sparse_star, grunt_ogre_cave,
          corexii_corridor_pit
D:8:      layout_basic, lemuel_crystal_altar, overflow_temple_1_default,
          david_lair_generic
D:9:      layout_irregular_city, grunt_dithmenos_smoke_and_mirrors
D:10:     minmay_the_grid_triangle_9x9_recursive_2_mashed
          [minmay_the_grid_triangle_9x9_prize_center,
          minmay_the_grid_triangle_9x9_steps,
          minmay_the_grid_triangle_9x9_windchime,
          minmay_the_grid_triangle_9x9_thin_v], layout_layer_cave, tso_altar,
          orc_0_dummy
Temple:   compressed_dpeg_triangle_lava_temple
Lair:1:   layout_layer_cave, uniq_jeremiah
Lair:2:   layout_cave_shapes, dummy_snake_entry
Lair:3:   layout_long_grid, nicolae_swamp_entry_spooky,
          ebering_ghost_reflecting_pool, hangedman_tree_tricks
Lair:4:   layout_cave_pods, nicolae_slime_entry_slimehenge, ebering_ghost_xom,
          uniq_kirke, uniq_josephine, uniq_rupert

Skill      XL: |  1  2  3  4  5  6  7  8  9 10 11 12 13 |
---------------+----------------------------------------+-----
Polearms       | 3 4 5 6 8 10 11 12 13 | 13.7
Armour         | 4 5 6 7 8 9 10 11 | 11.2
Fighting       | 4 5 6 7 8 9 10 11 | 11.2
Shields        | 5 6 7 8 10 11 12 13 | 13.0
Invocations    | 4 6 7 |  7.8

Action                     |  1- 3 |  4- 6 |  7- 9 | 10-12 | 13-15 || total
---------------------------+-------+-------+-------+-------+-------++-------
  Melee: Trident           |    97 |   183 |   262 |    55 |       ||   597
         Halberd           |       |       |       |   451 |   135 ||   586
 Invoke: Recall Undead Har |       |       |       |     1 |     1 ||     2
         Drain Life        |       |       |       |     1 |       ||     1
         Dark Bargain      |       |       |       |     2 |       ||     2
  Evoke: Wand              |       |     6 |       |    15 |     3 ||    24
         Phantom mirror    |       |       |       |     1 |     1 ||     2
    Use: Scroll            |       |       |     8 |     9 |     1 ||    18
         Potion            |       |       |       |     6 |     3 ||     9
   Stab: Distracted        |       |       |       |     5 |     2 ||     7
 Armour: Scale mail        |     9 |       |       |       |       ||     9
         Chain mail        |    31 |   124 |   150 |   419 |       ||   724
         Plate armour      |       |       |       |    32 |   148 ||   180
         Skin              |       |       |       |     4 |       ||     4
  Dodge: Dodged            |    33 |    63 |    56 |   196 |    70 ||   418
  Block: Buckler           |    15 |    35 |    55 |   261 |    75 ||   441

Table legend: (Time is in decaauts)
 A = Elapsed time spent in this place.
 B = Non-inter-level travel time spent in this place.
 C = Inter-level travel time spent in this place.
 D = Time resting spent in this place.
 E = Time spent auto-exploring this place.
 F = Levels seen in this place.
 G = Mean time per level.
                   A        B        C        D        E       F      G
               +--------+--------+--------+--------+--------+-----+--------+
         Total |  16425 |  15714 |    711 |      4 |  13231 |  15 | 1095.0 |
       Dungeon |  12460 |  11911 |    549 |      4 |   9825 |  10 | 1246.0 |
        Temple |     27 |      6 |     21 |      0 |      0 |   1 |   27.0 |
          Lair |   3937 |   3797 |    140 |      0 |   3406 |   4 |  984.2 |
               +--------+--------+--------+--------+--------+-----+--------+

Top non-repeatable levels by time:
    D:10: 2845 daAuts
  Lair:3: 1728 daAuts
  Lair:1: 1594 daAuts
     D:8: 1460 daAuts
     D:7: 1254 daAuts
     D:9: 1221 daAuts
     D:3: 1207 daAuts
     D:5: 1126 daAuts
     D:2: 1031 daAuts
     D:6: 821 daAuts
     D:4: 779 daAuts
     D:1: 712 daAuts
  Lair:2: 589 daAuts
  Temple: 27 daAuts
  Lair:4: 23 daAuts
